 Dungeon Crawl Stone Soup version 0.27-a0-684-g359e429f13 (webtiles) character file.

Game seed: 3623639979599895056

0 Gaff the Vexing (level 1, 0/9 HPs)
             Began as a Spriggan Arcane Marksman on Mar 20, 2021.
             Slain by a leopard gecko (1 damage)
             ... on level 1 of the Dungeon.
             The game lasted 00:00:25 (36 turns).

Gaff the Vexing (Spriggan Arcane Marksman)            Turns: 36, Time: 00:00:25

Health: 0/9        AC:  2    Str:  6    XL:     1   Next: 8%
Magic:  3/3        EV: 17    Int: 14    God:
Gold:   0          SH:  0    Dex: 15    Spells: 1/2 levels left

rFire    . . .     SeeInvis +   (weapon restricted)
rCold    . . .     Faith    .   (shield restricted)
rNeg     . . .     Spirit   .   e - +0 robe
rPois    .         Reflect  .   (helmet restricted)
rElec    .         Harm     .   (no cloak)
rCorr    .         Rampage  .   (gloves unavailable)
Will     .....                  (boots unavailable)
Stlth    +.........             (no amulet)
HPRegen  0.03/turn              (no ring)
MPRegen  0.08/turn              (no ring)

@: very quick
A: very small, no large weapons, unfitting armour, see invisible, speed 3
a: no special abilities


You were on level 1 of the Dungeon.
You visited 1 branch of the dungeon, and saw 1 of its levels.

Inventory:

Hand Weapons
 a - a +0 hunting sling
Missiles
 d - 20 sling bullets
Armour
 e - a +0 robe (worn)


   Skills:
 + Level 0.7 Fighting
 + Level 2.4 Slings
 + Level 2.6 Dodging
 + Level 1.3 Spellcasting
 + Level 3.7 Hexes


You had one spell level left.
You knew the following spells:

 Your Spells              Type           Power      Damage    Failure   Level
a - Corona                Hex            12%        N/A       5%          1

Your spell library contained the following spells:

 Spells                   Type           Power      Damage    Failure   Level
 Slow                     Hex            11%        N/A       9%          2
 Inner Flame              Hex/Fire       6%         N/A       34%         3
 Portal Projectile        Hex/Tloc       12%        N/A       34%         3
 Cause Fear               Hex            5%         N/A       50%         4
 Leda's Liquefaction      Hex/Erth       3%         N/A       75%         4


Dungeon Overview and Level Annotations

Branches:
Dungeon (1/15)

Altars:


Innate Abilities, Weirdness & Mutations

You are very small and have problems with some larger weapons.
You are too small for most types of armour.
You have supernaturally acute eyesight. (SInv)
You cover ground extremely quickly. (Speed+++)


Message History

You barely miss the rat. The bat hits you. The rat completely misses you.
The bat hits you but does no damage.
You hit the rat.
The rat is heavily wounded.
The bat hits you but does no damage. The rat misses you.
You hit the rat but do no damage.
The rat is heavily wounded.
The bat hits you but does no damage. The rat closely misses you.
You barely miss the rat.
The rat is heavily wounded.
The bat completely misses you. The rat bites you but does no damage.
You barely miss the rat.
The rat is heavily wounded.
The bat misses you. The rat misses you. The bat misses you.
You hit the rat but do no damage.
The rat is heavily wounded.
The bat barely misses you. The rat misses you.
You completely miss the rat.
The rat is heavily wounded.
The bat completely misses you. The rat closely misses you.
The leopard gecko hisses menacingly.
You hit the rat.
You kill the rat!
The bat hits you but does no damage. The bat barely misses you.
The leopard gecko misses you.
You see here a rat corpse.
You barely miss the bat. The bat barely misses you.
The leopard gecko bites you.
* * * LOW HITPOINT WARNING * * *
You are too injured to fight recklessly!
You are too injured to fight recklessly!
You are too injured to fight recklessly!
You miss the leopard gecko. The leopard gecko misses you.
The bat barely misses you. The leopard gecko bites you.
* * * LOW HITPOINT WARNING * * *
You closely miss the leopard gecko. The bat hits you but does no damage.
The leopard gecko barely misses you.
You closely miss the leopard gecko. The bat barely misses you.
The leopard gecko bites you.
You die...

.......≈≈≈≈.≈≈≈≈...
......≈≈≈≈.≈≈≈≈.#
......≈≈≈≈.≈≈≈≈.#
r.....≈≈≈≈.≈≈≈≈.#
.!...≈≈≈≈.≈≈≈≈^#
....P≈≈...≈≈P.#
#####+#...........#
#...........<.....#
#...@.b...........#
#....l..P≈≈...≈≈P.#
#.......≈≈≈≈.≈≈≈≈.#
#.......≈≈≈≈.≈≈≈≈.#
#####+#.≈≈≈≈.≈≈≈≈..#
#.≈≈≈≈.≈≈≈≈...
#.≈≈≈≈.≈≈≈≈..#
..≈≈≈≈.≈≈≈≈. ≈≈≈


You could see a leopard gecko and a bat.

Vanquished Creatures
  A rat (D:1)
1 creature vanquished.

Notes
Turn   | Place    | Note
-------+----------+-------------------------------------------
     0 | D:1      | Gaff the Spriggan Arcane Marksman began the quest for the
                  | Orb.
     0 | D:1      | Reached XP level 1. HP: 9/9 MP: 3/3
    36 | D:1      | Slain by a leopard gecko

Illustrated notes

Levels and vault maps discovered:
D:1:      giann_bridges, layout_basic, serial_shops, shop_coins

Action                   || total
-------------------------++-------
Melee: Unarmed           ||    14
Armor: Robe              ||     6
Dodge: Dodged            ||    21

Table legend: (Time is in decaauts)
 A = Elapsed time spent in this place.
 B = Non-inter-level travel time spent in this place.
 C = Inter-level travel time spent in this place.
 D = Time resting spent in this place.
 E = Time spent auto-exploring this place.
 F = Levels seen in this place.
 G = Mean time per level.
                   A        B        C        D        E       F      G
               +--------+--------+--------+--------+--------+-----+--------+
         Total |     26 |     26 |      0 |      0 |      3 |   1 |   26.0 |
       Dungeon |     26 |     26 |      0 |      0 |      3 |   1 |   26.0 |
               +--------+--------+--------+--------+--------+-----+--------+

Top non-repeatable levels by time:
     D:1: 26 daAuts
